[Event "FIDE Womens World Cup 2021"]
[Site "Sochi"]
[Date "2021.07.15"]
[Round "2.1"]
[White "Osmak, Iulija"]
[Black "Munguntuul, Batkhuyag"]
[Result "0-1"]
[ECO "C77"]
[WhiteElo "2418"]
[BlackElo "2428"]
[Annotator "NA"]
[PlyCount "84"]
[EventDate "2021.07.12"]
[EventType "k.o."]
[EventCountry "RUS"]
[SourceTitle "playchess.com"]
[Source "ChessBase"]
[SourceQuality "1"]
[TimeControl "40/5400+30:1800+30"]

1. e4 e5 2. Nf3 Nc6 3. Bb5 a6 4. Ba4 Nf6 5. Nc3 b5 6. Bb3 Be7 7. O-O O-O 8. d3 d6 9. a3 h6 10. h3 Re8 11. Be3 Bb7 12. Nd5 Nxd5 13. Bxd5 Na5 14. Ba2 c5 15. b4 Nc6 16. c3 Qd7 17. Nh2 Nd8 18. bxc5 dxc5 19. Ng4 Bg5 20. Bxc5 Qc6 21. Be3 Qxc3 22. Qe2 Rc8 23. Rfc1 Qa5 24. Bxg5 hxg5 25. Qe3 Ne6 26. Nxe5 Qxa3 27. Rxc8 Bxc8 28. Nxf7 Qb2 29. Rc1 Kxf7 30. Rc7+ Kg6 31. Bxe6 Bxe6 32. Rc5 Qa1+ 33. Rc1 Qf6 34. Rc6 Kh7 35. Rxa6 b4 36. d4 Rb8 37. d5 b3 38. Qe1 b2 39. Qb1 Qc3 40. Rc6 Qa5 41. e5+ Kg8 42. Rxe6 Qa1 0-1

[Event "FIDE Womens World Cup 2021"]
[Site "Sochi"]
[Date "2021.07.15"]
[Round "2.1"]
[White "Guichard, Pauline"]
[Black "Atalik, Ekaterina"]
[Result "1-0"]
[ECO "D37"]
[WhiteElo "2413"]
[BlackElo "2433"]
[Annotator "NA"]
[PlyCount "91"]
[EventDate "2021.07.12"]
[EventType "k.o."]
[EventCountry "RUS"]
[SourceTitle "playchess.com"]
[Source "ChessBase"]
[SourceQuality "1"]
[TimeControl "40/5400+30:1800+30"]

1. d4 Nf6 2. c4 e6 3. Nf3 d5 4. Nc3 Nbd7 5. Bf4 dxc4 6. e3 Nd5 7. Bxc4 Nxf4 8. exf4 Nf6 9. O-O Be7 10. f5 exf5 11. Qb3 O-O 12. Ng5 b5 13. Nxb5 Rb8 14. Nxf7 Rxf7 15. Bxf7+ Kf8 16. a4 a6 17. Rfe1 axb5 18. a5 Ra8 19. Qf3 Ra6 20. Bb3 Bd7 21. Qc3 Bd6 22. Ba2 Ne4 23. Qb3 Qf6 24. Qg8+ Ke7 25. Qxh7 Kd8 26. Bd5 c6 27. Bxe4 fxe4 28. Rxe4 Kc7 29. Qg8 Kb7 30. h3 Ra8 31. Qb3 Rf8 32. a6+ Ka7 33. Qe3 Qd8 34. d5+ c5 35. b4 Qb6 36. Re7 Rd8 37. Rxg7 cxb4 38. Qxb6+ Kxb6 39. a7 Bf5 40. Rf7 Be4 41. Rd7 Ra8 42. Rxd6+ Kc5 43. Rc6+ Kxd5 44. Rb6 Kc5 45. Rb8 b3 46. Ra5 1-0

[Event "FIDE Womens World Cup 2021"]
[Site "Sochi"]
[Date "2021.07.15"]
[Round "2.1"]
[White "Sukandar, Irine Kharisma"]
[Black "Gunina, Valentina"]
[Result "0-1"]
[ECO "B13"]
[WhiteElo "2413"]
[BlackElo "2437"]
[Annotator "NA"]
[PlyCount "108"]
[EventDate "2021.07.12"]
[EventType "k.o."]
[EventCountry "RUS"]
[SourceTitle "playchess.com"]
[Source "ChessBase"]
[SourceQuality "1"]
[TimeControl "40/5400+30:1800+30"]

1. e4 c6 2. d4 d5 3. exd5 cxd5 4. Bd3 Nf6 5. c3 Bg4 6. Ne2 Nc6 7. O-O e6 8. Qe1 Bd6 9. f3 Bh5 10. Qh4 Qb6 11. Nf4 Bxf4 12. Qxf4 Bg6 13. Bxg6 hxg6 14. a4 e5 15. Qe3 O-O-O 16. dxe5 d4 17. a5 Nxa5 18. cxd4 Nd5 19. Qf2 Nb3 20. Ra4 Qc6 21. Nc3 Nxc3 22. Ra3 Ne2+ 23. Qxe2 Nxd4 24. Qf2 Qb5 25. Re1 a6 26. f4 Kb8 27. Be3 Qb4 28. Rc3 Rd7 29. Rd1 Rhd8 30. Kh1 Nc6 31. Rxd7 Rxd7 32. Rc1 Qb3 33. h3 Rd3 34. Bc5 Qd5 35. Bd6+ Ka8 36. Qh4 Rd2 37. Qg5 Ka7 38. Bc5+ b6 39. Ba3 a5 40. Kh2 Ka6 41. Qg4 Nd4 42. Rc3 Nf5 43. Qf3 Qxf3 44. Rxf3 b5 45. b4 a4 46. Kg1 Nd4 47. Rf2 Rd3 48. Bb2 Ne6 49. f5 gxf5 50. Rxf5 Rb3 51. Bc1 Rxb4 52. Rxf7 Rb1 53. Rf1 b4 54. Rd1 a3 0-1

[Event "FIDE Womens World Cup 2021"]
[Site "Sochi"]
[Date "2021.07.15"]
[Round "2.1"]
[White "Danielian, Elina"]
[Black "Bulmaga, Irina"]
[Result "1-0"]
[ECO "D37"]
[WhiteElo "2407"]
[BlackElo "2413"]
[Annotator "NA"]
[PlyCount "87"]
[EventDate "2021.07.12"]
[EventType "k.o."]
[EventCountry "RUS"]
[SourceTitle "playchess.com"]
[Source "ChessBase"]
[SourceQuality "1"]
[TimeControl "40/5400+30:1800+30"]

1. d4 Nf6 2. c4 e6 3. Nc3 d5 4. Nf3 Be7 5. e3 O-O 6. Bd3 dxc4 7. Bxc4 a6 8. Bd3 c5 9. O-O Nc6 10. a3 cxd4 11. exd4 b5 12. Bc2 Bb7 13. Qd3 g6 14. Bh6 Re8 15. Rfe1 Rc8 16. Rac1 Rc7 17. Bb1 Rd7 18. Rcd1 b4 19. Ne2 bxa3 20. bxa3 Qa5 21. Bg5 Red8 22. Qb3 Nd5 23. h4 Qb5 24. Qa2 Bxg5 25. hxg5 Qa5 26. Be4 Nde7 27. Ng3 Ba8 28. Qa1 Nf5 29. Bxf5 exf5 30. Ne2 Re7 31. Nf4 Re4 32. d5 Rxf4 33. dxc6 Re4 34. Qf6 Rde8 35. Rxe4 fxe4 36. Rd7 Rf8 37. Ne5 e3 38. Ng4 exf2+ 39. Kxf2 Qf5+ 40. Kg3 Qxf6 41. Nxf6+ Kg7 42. c7 Bb7 43. Rd8 a5 44. Nxh7 1-0

[Event "FIDE Womens World Cup 2021"]
[Site "Sochi"]
[Date "2021.07.15"]
[Round "2.1"]
[White "Unuk, Laura"]
[Black "Mammadzada, Gunay"]
[Result "1/2-1/2"]
[ECO "D10"]
[WhiteElo "2407"]
[BlackElo "2460"]
[Annotator "ChessBase"]
[PlyCount "62"]
[EventDate "2021.07.12"]
[EventType "k.o."]
[EventCountry "RUS"]
[SourceTitle "playchess.com"]
[Source "ChessBase"]
[SourceQuality "1"]
[TimeControl "40/5400+30:1800+30"]

1. d4 d5 2. c4 c6 3. cxd5 cxd5 4. Nc3 Nc6 5. Bf4 Nf6 6. e3 Bg4 7. Qb3 Na5 8. Qa4+ Bd7 9. Qd1 e6 10. Bd3 Rc8 11. Nf3 Nc4 12. Qe2 Bb4 13. Rc1 Ne4 14. O-O Bxc3 15. Bxe4 dxe4 16. Ng5 Ba5 17. Rxc4 Rxc4 18. Qxc4 Bc6 19. Qc5 h6 20. Nh3 Bb6 21. Qa3 a6 22. Rc1 f6 23. Bd6 g5 24. Kh1 h5 25. Ng1 h4 26. Qb4 Kf7 27. Be7 Ba5 28. Qa3 Qc7 29. Bd6 Qd8 30. Be7 Qc7 31. Bd6 Qd8 1/2-1/2

[Event "FIDE Womens World Cup 2021"]
[Site "Sochi"]
[Date "2021.07.15"]
[Round "2.1"]
[White "Socko, Monika"]
[Black "Cramling, Pia"]
[Result "1/2-1/2"]
[ECO "D70"]
[WhiteElo "2393"]
[BlackElo "2459"]
[Annotator "ChessBase"]
[PlyCount "74"]
[EventDate "2021.07.12"]
[EventType "k.o."]
[EventCountry "RUS"]
[SourceTitle "playchess.com"]
[Source "ChessBase"]
[SourceQuality "1"]
[TimeControl "40/5400+30:1800+30"]

1. d4 d5 2. c4 c6 3. Nf3 Nf6 4. Nbd2 Bf5 5. g3 e6 6. Bg2 h6 7. Ne5 Nbd7 8. Nxd7 Qxd7 9. O-O Be7 10. b3 O-O 11. Bb2 Rfd8 12. Rc1 a5 13. a3 b5 14. c5 Qa7 15. Qe1 Bg6 16. Kh1 Re8 17. f3 Bf8 18. b4 Nd7 19. Qf2 Qc7 20. e4 axb4 21. axb4 Ra2 22. Bc3 Rea8 23. Qe3 R8a3 24. Ra1 Rxa1 25. Rxa1 Qa7 26. Rxa3 Qxa3 27. e5 Nb8 28. Nf1 Na6 29. Qe1 Be7 30. Ne3 Bg5 31. f4 Be7 32. h3 Bd3 33. Qd2 Bb1 34. Kh2 Bd8 35. Bf3 Be7 36. Bg2 Bd8 37. Bf3 Be7 1/2-1/2

[Event "FIDE Womens World Cup 2021"]
[Site "Sochi"]
[Date "2021.07.15"]
[Round "2.1"]
[White "Kulkarni Bhakti"]
[Black "Pogonina, Natalija"]
[Result "1/2-1/2"]
[ECO "E01"]
[WhiteElo "2391"]
[BlackElo "2469"]
[Annotator "ChessBase"]
[PlyCount "80"]
[EventDate "2021.07.12"]
[EventType "k.o."]
[EventCountry "RUS"]
[SourceTitle "playchess.com"]
[Source "ChessBase"]
[SourceQuality "1"]
[TimeControl "40/5400+30:1800+30"]

1. d4 Nf6 2. c4 e6 3. g3 d5 4. Bg2 Bb4+ 5. Nd2 O-O 6. Ngf3 b6 7. O-O Bb7 8. a3 Be7 9. cxd5 exd5 10. b4 a5 11. b5 c6 12. Qa4 cxb5 13. Qxb5 Ba6 14. Qb2 Nc6 15. Re1 b5 16. Ne5 Rc8 17. Ndf3 Nxe5 18. dxe5 Ne4 19. Nd4 b4 20. Nf5 Bc4 21. Be3 bxa3 22. Nxe7+ Qxe7 23. Rxa3 Rb8 24. Qa1 Rb5 25. Bxe4 dxe4 26. Rxa5 Rxa5 27. Qxa5 Qd7 28. Qb4 Qd5 29. Bg5 h6 30. Rc1 Bb5 31. Rb1 Bc6 32. Be7 e3 33. f3 Rc8 34. Qd6 Qa2 35. Qd3 Bxf3 36. exf3 Qf2+ 37. Kh1 Qxf3+ 38. Kg1 Qf2+ 39. Kh1 Qf3+ 40. Kg1 Qf2+ 1/2-1/2

[Event "FIDE Womens World Cup 2021"]
[Site "Sochi"]
[Date "2021.07.15"]
[Round "2.1"]
[White "Garifullina, Leya"]
[Black "Girya, Olga"]
[Result "1/2-1/2"]
[ECO "C77"]
[WhiteElo "2390"]
[BlackElo "2448"]
[Annotator "NA"]
[PlyCount "95"]
[EventDate "2021.07.12"]
[EventType "k.o."]
[EventCountry "RUS"]
[SourceTitle "playchess.com"]
[Source "ChessBase"]
[SourceQuality "1"]
[TimeControl "40/5400+30:1800+30"]

1. e4 e5 2. Nf3 Nc6 3. Bb5 a6 4. Ba4 Nf6 5. d3 Bc5 6. Bxc6 dxc6 7. Nbd2 Be6 8. O-O Nd7 9. b3 Qf6 10. Bb2 O-O-O 11. Bc3 g5 12. b4 Ba7 13. Qb1 g4 14. Nxe5 Rhg8 15. Qb2 Qg5 16. g3 Nxe5 17. Bxe5 Qxd2 18. Bf4 Qe2 19. Rae1 Qf3 20. Qc1 f5 21. Re3 Bxe3 22. fxe3 fxe4 23. Rxf3 gxf3 24. d4 Bc4 25. Kf2 Rd5 26. a3 Rh5 27. Qg1 Rg4 28. a4 b6 29. Be5 Kb7 30. a5 bxa5 31. bxa5 Kc8 32. h4 Rhxh4 33. gxh4 Rxg1 34. Kxg1 h5 35. Kf2 Kd7 36. Bf4 Be2 37. c3 Bc4 38. Bg3 Bd3 39. Bf4 c5 40. dxc5 c6 41. Bg5 Ke6 42. Bd8 Kd5 43. Bb6 Kc4 44. Ba7 Kxc3 45. Bb6 Bb5 46. Ba7 Kb4 47. Bb6 Bd3 48. Ke1 1/2-1/2

[Event "FIDE Womens World Cup 2021"]
[Site "Sochi"]
[Date "2021.07.15"]
[Round "2.1"]
[White "Tsolakidou, Stavroula"]
[Black "Batsiashvili, Nino"]
[Result "1/2-1/2"]
[ECO "D30"]
[WhiteElo "2389"]
[BlackElo "2487"]
[Annotator "ChessBase"]
[PlyCount "63"]
[EventDate "2021.07.12"]
[EventType "k.o."]
[EventCountry "RUS"]
[SourceTitle "playchess.com"]
[Source "ChessBase"]
[SourceQuality "1"]
[TimeControl "40/5400+30:1800+30"]

1. d4 d5 2. c4 e6 3. Nf3 Nf6 4. g3 Bb4+ 5. Nc3 dxc4 6. Bg2 O-O 7. O-O Nc6 8. a3 Be7 9. e4 Na5 10. Be3 Nb3 11. Rb1 c5 12. dxc5 Bxc5 13. Bxc5 Nxc5 14. e5 Nd5 15. Qd4 Nxc3 16. Qxc3 Qd3 17. Qb4 Na6 18. Qe7 Qd8 19. Qxd8 Rxd8 20. Rfc1 Bd7 21. Nd4 Nc5 22. Rxc4 Rac8 23. f4 b5 24. Rc2 Be8 25. Nxb5 Bxb5 26. Rbc1 Ba6 27. Rxc5 Rxc5 28. Rxc5 Rd1+ 29. Kf2 Rd2+ 30. Kg1 Rd1+ 31. Kf2 Rd2+ 32. Kg1 1/2-1/2

[Event "FIDE Womens World Cup 2021"]
[Site "Sochi"]
[Date "2021.07.15"]
[Round "2.1"]
[White "Mammadova, Gulnar"]
[Black "Javakhishvili, Lela"]
[Result "1/2-1/2"]
[ECO "C65"]
[WhiteElo "2385"]
[BlackElo "2470"]
[Annotator "ChessBase"]
[PlyCount "71"]
[EventDate "2021.07.12"]
[EventType "k.o."]
[EventCountry "RUS"]
[SourceTitle "playchess.com"]
[Source "ChessBase"]
[SourceQuality "1"]
[TimeControl "40/5400+30:1800+30"]

1. e4 e5 2. Nf3 Nc6 3. Bb5 Nf6 4. d3 Bc5 5. c3 d5 6. Qe2 O-O 7. h3 a6 8. Ba4 b5 9. Bb3 h6 10. exd5 Nxd5 11. Qe4 Be6 12. Nxe5 Nxe5 13. Qxe5 Nb4 14. O-O Nxd3 15. Qh5 Bxb3 16. axb3 Qf6 17. Be3 Bxe3 18. fxe3 Qe6 19. Qe2 Nc5 20. b4 Ne4 21. Rd1 Rfe8 22. Nd2 Nxd2 23. Rxd2 Qxe3+ 24. Qxe3 Rxe3 25. Rd7 Re2 26. Rf1 f6 27. Rf3 Rae8 28. Rxc7 Rxb2 29. Rg3 g5 30. Rd3 Kf8 31. Rdd7 Re1+ 32. Kh2 Ree2 33. Rd8+ Re8 34. Rdd7 Ree2 35. Rd8+ Re8 36. Rdd7 1/2-1/2

[Event "FIDE Womens World Cup 2021"]
[Site "Sochi"]
[Date "2021.07.15"]
[Round "2.1"]
[White "Ordaz Valdes, Lisandra Teresa"]
[Black "Kashlinskaya, Alina"]
[Result "1/2-1/2"]
[ECO "D02"]
[WhiteElo "2369"]
[BlackElo "2488"]
[Annotator "ChessBase"]
[PlyCount "80"]
[EventDate "2021.07.12"]
[EventType "k.o."]
[EventCountry "RUS"]
[SourceTitle "playchess.com"]
[Source "ChessBase"]
[SourceQuality "1"]
[TimeControl "40/5400+30:1800+30"]

1. d4 Nf6 2. Nf3 d5 3. Bf4 Bf5 4. e3 e6 5. Bd3 Bxd3 6. Qxd3 Nbd7 7. O-O Bd6 8. Nbd2 O-O 9. c3 Qb8 10. b4 c6 11. Bg5 Qc7 12. a3 a5 13. Bxf6 Nxf6 14. e4 Be7 15. e5 Nd7 16. Nb3 b6 17. bxa5 bxa5 18. c4 dxc4 19. Qxc4 a4 20. Nbd2 c5 21. Rfc1 Qa7 22. dxc5 Bxc5 23. Ne4 Rfc8 24. Qc2 Bxa3 25. Qxc8+ Rxc8 26. Rxc8+ Bf8 27. Rac1 a3 28. R8c7 Qa8 29. Rxd7 a2 30. Rdd1 Qxe4 31. Ra1 Qc2 32. Ne1 Qe2 33. Rdc1 h6 34. Rc2 Qxe5 35. Rcxa2 Bc5 36. Nd3 Qc3 37. Nxc5 Qxc5 38. Ra5 Qd4 39. R5a4 Qc5 40. Ra5 Qd4 1/2-1/2

[Event "FIDE Womens World Cup 2021"]
[Site "Sochi"]
[Date "2021.07.15"]
[Round "2.1"]
[White "Yildiz Kadioglu, Betul Cemre"]
[Black "Tan, Zhongyi"]
[Result "1/2-1/2"]
[ECO "D35"]
[WhiteElo "2362"]
[BlackElo "2511"]
[Annotator "ChessBase"]
[PlyCount "57"]
[EventDate "2021.07.12"]
[EventType "k.o."]
[EventCountry "RUS"]
[SourceTitle "playchess.com"]
[Source "ChessBase"]
[SourceQuality "1"]
[TimeControl "40/5400+30:1800+30"]

1. d4 d5 2. c4 e6 3. Nc3 Nf6 4. cxd5 Nxd5 5. Nf3 c5 6. g3 cxd4 7. Nxd5 Qxd5 8. Qxd4 Qxd4 9. Nxd4 Bb4+ 10. Bd2 Bxd2+ 11. Kxd2 Bd7 12. Bg2 Nc6 13. Nxc6 Bxc6 14. Bxc6+ bxc6 15. Rhd1 O-O-O+ 16. Kc3 Kc7 17. b4 a5 18. bxa5 Ra8 19. Rd4 Rxa5 20. Rad1 Rxa2 21. Rd7+ Kb6 22. Rb1+ Kc5 23. Rc1 Rha8 24. Kd3+ Kb6 25. Rb1+ Kc5 26. Rc1+ Kb6 27. Rb1+ Kc5 28. Rc1+ Kb6 29. Ke4 1/2-1/2

[Event "FIDE Womens World Cup 2021"]
[Site "Sochi"]
[Date "2021.07.15"]
[Round "2.1"]
[White "Peng, Zhaoqin"]
[Black "Dzagnidze, Nana"]
[Result "0-1"]
[ECO "A28"]
[WhiteElo "2358"]
[BlackElo "2523"]
[Annotator "ChessBase"]
[PlyCount "84"]
[EventDate "2021.07.12"]
[EventType "k.o."]
[EventCountry "RUS"]
[SourceTitle "playchess.com"]
[Source "ChessBase"]
[SourceQuality "1"]
[TimeControl "40/5400+30:1800+30"]

1. c4 Nf6 2. Nc3 e5 3. Nf3 Nc6 4. e3 Be7 5. d4 exd4 6. exd4 d5 7. cxd5 Nxd5 8. Bc4 Nb6 9. Bb5 O-O 10. h3 Bf5 11. O-O Nb4 12. Bf4 c6 13. Be2 Re8 14. Qd2 Bd6 15. Rad1 N4d5 16. Bxd6 Qxd6 17. Ne5 Rad8 18. Rfe1 f6 19. Nc4 Qf4 20. Na5 Qxd2 21. Rxd2 Rd7 22. Rc1 Nf4 23. Bf1 g5 24. g3 Nxh3+ 25. Kh2 g4 26. Bxh3 gxh3 27. g4 Bxg4 28. Rg1 Rg7 29. Nxb7 Nc4 30. Rd3 h5 31. b3 Rxb7 32. bxc4 Rb2 33. Kg3 Kf7 34. Rh1 Rg8 35. Re3 Be6+ 36. Kf3 Bxc4 37. Rxh3 Be6 38. Rh2 Rd2 39. Ke4 Rg4+ 40. Kf3 Rgxd4 41. a3 Bg4+ 42. Kg3 f5 0-1

[Event "FIDE Womens World Cup 2021"]
[Site "Sochi"]
[Date "2021.07.16"]
[Round "2.2"]
[White "Tan, Zhongyi"]
[Black "Yildiz Kadioglu, Betul Cemre"]
[Result "1-0"]
[ECO "D31"]
[WhiteElo "2511"]
[BlackElo "2362"]
[Annotator "ChessBase"]
[PlyCount "133"]
[EventDate "2021.07.12"]
[EventType "k.o."]
[EventCountry "RUS"]
[SourceTitle "playchess.com"]
[Source "ChessBase"]
[SourceQuality "1"]
[TimeControl "40/5400+30:1800+30"]

1. d4 d5 2. c4 e6 3. Nc3 a6 4. cxd5 exd5 5. Qb3 c5 6. Nxd5 Nc6 7. Bg5 Nge7 8. Nb6 c4 9. Nxc4 b5 10. Nd2 Nxd4 11. Qd3 Bf5 12. e4 Rc8 13. Kd1 Bg6 14. f3 f6 15. Be3 Nc2 16. Qxd8+ Kxd8 17. Bb6+ Kd7 18. Rc1 Nb4 19. a3 Rxc1+ 20. Kxc1 Nc8 21. Be3 Nc6 22. Ne2 Bd6 23. Nc3 N8e7 24. a4 b4 25. Ncb1 Nb8 26. Nc4 Rc8 27. Be2 Ke8 28. b3 Bc7 29. Kb2 Nec6 30. Nbd2 Rd8 31. f4 Nd4 32. Bd1 Nbc6 33. h4 Bf7 34. h5 Ne6 35. h6 g6 36. g3 Ncd4 37. Nf3 Nxf3 38. Bxf3 g5 39. e5 gxf4 40. gxf4 fxe5 41. fxe5 Bg6 42. a5 Bd3 43. Nd6+ Bxd6 44. exd6 Rxd6 45. Rh4 Bg6 46. Rxb4 Rd3 47. Bc6+ Ke7 48. Ba7 Rh3 49. Rb7+ Kf6 50. Rb6 Bf7 51. Bd5 Rh5 52. Rd6 Ke7 53. Bb8 Nc5 54. Bxf7 Kxf7 55. Rc6 Nd3+ 56. Kc3 Rh3 57. Kd4 Ne1 58. Rxa6 Rxb3 59. Rb6 Nc2+ 60. Kc4 Ra3 61. a6 Ne3+ 62. Kc5 Rc3+ 63. Kd4 Ra3 64. a7 Nf5+ 65. Kc5 Ne7 66. Rb7 Ke6 67. Kb5 1-0

[Event "FIDE Womens World Cup 2021"]
[Site "Sochi"]
[Date "2021.07.16"]
[Round "2.2"]
[White "Abdumalik, Zhansaya"]
[Black "Assaubayeva, Bibisara"]
[Result "1-0"]
[ECO "B23"]
[WhiteElo "2505"]
[BlackElo "2389"]
[Annotator "ChessBase"]
[PlyCount "107"]
[EventDate "2021.07.12"]
[EventType "k.o."]
[EventCountry "RUS"]
[SourceTitle "playchess.com"]
[Source "ChessBase"]
[SourceQuality "1"]
[TimeControl "40/5400+30:1800+30"]

1. e4 c5 2. Nc3 d6 3. d4 cxd4 4. Qxd4 Nc6 5. Qd2 g6 6. b3 Bh6 7. f4 f5 8. Bb2 Nf6 9. Bd3 Qa5 10. exf5 Bxf5 11. Nge2 O-O-O 12. O-O-O Rhe8 13. Kb1 e5 14. Bxf5+ gxf5 15. Qd3 exf4 16. Qh3 Bg5 17. Rhf1 Re3 18. Rf3 Rde8 19. Nc1 Kb8 20. Rxd6 Qc5 21. Rd3 Nd4 22. b4 Rxf3 23. gxf3 Qxb4 24. a3 Qc4 25. Rxd4 Qxd4 26. Ne4 Qg1 27. Nxf6 Bxf6 28. Bxf6 Qe3 29. Bb2 a6 30. Qh5 Rd8 31. h4 Ka8 32. Qg5 Re8 33. Qg2 Qe1 34. Qg5 Qe3 35. Qh5 Rd8 36. Nb3 Qg1+ 37. Bc1 Qd1 38. Qxh7 Qxf3 39. Qxf5 Qh1 40. Qf6 Rc8 41. Nd4 Qd1 42. Qxf4 Rc4 43. Qf8+ Ka7 44. Qf2 Ka8 45. Nb3 Qh1 46. h5 Rc8 47. h6 Qe4 48. Qd2 Qh4 49. Qd3 Rd8 50. Qf5 Qh1 51. Kb2 Re8 52. Qg6 Rc8 53. Be3 Qh2 54. Bd4 1-0

[Event "FIDE Womens World Cup 2021"]
[Site "Sochi"]
[Date "2021.07.16"]
[Round "2.2"]
[White "Kashlinskaya, Alina"]
[Black "Ordaz Valdes, Lisandra Teresa"]
[Result "1-0"]
[ECO "D31"]
[WhiteElo "2488"]
[BlackElo "2369"]
[Annotator "ChessBase"]
[PlyCount "103"]
[EventDate "2021.07.12"]
[EventType "k.o."]
[EventCountry "RUS"]
[SourceTitle "playchess.com"]
[Source "ChessBase"]
[SourceQuality "1"]
[TimeControl "40/5400+30:1800+30"]

1. d4 d5 2. c4 e6 3. Nc3 a6 4. cxd5 exd5 5. Qb3 Nf6 6. Bg5 c6 7. e4 Be7 8. e5 Ne4 9. Bxe7 Qxe7 10. g3 O-O 11. Bg2 Be6 12. Nge2 Nxc3 13. Nxc3 c5 14. Nxd5 Bxd5 15. Qxd5 cxd4 16. Qxb7 Nd7 17. O-O Rab8 18. Qxa6 Rxb2 19. Qa7 Qe6 20. Qxd4 Rfb8 21. Rad1 Nf8 22. Bd5 Qf5 23. Bb3 R2xb3 24. axb3 Rxb3 25. Qc5 Rb8 26. Qc7 Rc8 27. Qe7 Ne6 28. Qd7 Rf8 29. Rfe1 h5 30. Qd3 Qh3 31. Qe3 h4 32. Rb1 hxg3 33. hxg3 Qh5 34. Kg2 Ng5 35. Rh1 Qg6 36. Rb6 Ne6 37. Rb4 Ng5 38. Rbh4 Qc6+ 39. f3 Qc2+ 40. Qf2 Qxf2+ 41. Kxf2 f6 42. Rh8+ Kf7 43. Rxf8+ Kxf8 44. exf6 gxf6 45. Ra1 Kg7 46. Ke3 Kg6 47. Ra6 Nf7 48. f4 Nh6 49. Kf3 Nf7 50. g4 Kg7 51. Ke4 Nh6 52. Ra7+ 1-0

[Event "FIDE Womens World Cup 2021"]
[Site "Sochi"]
[Date "2021.07.16"]
[Round "2.2"]
[White "Batsiashvili, Nino"]
[Black "Tsolakidou, Stavroula"]
[Result "1-0"]
[ECO "A16"]
[WhiteElo "2487"]
[BlackElo "2389"]
[Annotator "ChessBase"]
[PlyCount "151"]
[EventDate "2021.07.12"]
[EventType "k.o."]
[EventCountry "RUS"]
[SourceTitle "playchess.com"]
[Source "ChessBase"]
[SourceQuality "1"]
[TimeControl "40/5400+30:1800+30"]

1. c4 Nf6 2. Nc3 c6 3. d4 d5 4. e3 e6 5. b3 Bb4 6. Bb2 Ne4 7. Qc2 e5 8. a3 Bxc3+ 9. Bxc3 Nxc3 10. Qxc3 exd4 11. Qxd4 O-O 12. cxd5 cxd5 13. Nf3 Nc6 14. Qb2 Bg4 15. Be2 Qb6 16. O-O Rad8 17. Rad1 Rfe8 18. b4 h6 19. Rd2 Ne7 20. Rfd1 Rc8 21. Nd4 Bd7 22. b5 Qc5 23. Qb4 Qxb4 24. axb4 Rc3 25. Ra1 Nc8 26. h3 Kf8 27. Bf3 Re5 28. Ne2 Rc7 29. Nd4 Rc4 30. Rb2 g6 31. Be2 Rc7 32. Rd2 Re4 33. g4 Rc3 34. Bf1 Rc7 35. Bd3 Re7 36. Be2 Re4 37. Bf1 Re5 38. Kh2 Kg7 39. Kg3 Kf8 40. Kh2 Kg7 41. Rdd1 Be8 42. Rdc1 Ree7 43. Rc5 Rxc5 44. bxc5 Rc7 45. Nb3 Bd7 46. Kg3 Kf6 47. h4 Be6 48. Rc1 Bd7 49. Bd3 Ne7 50. Ra1 Nc8 51. f4 Be6 52. Rc1 Bd7 53. Rc2 Ne7 54. Ra2 Nc8 55. Rh2 a6 56. b6 Nxb6 57. cxb6 Rc3 58. Rb2 Rxd3 59. Nc5 Rxe3+ 60. Kf2 Re7 61. Nxb7 Bc6 62. Nc5 Bb7 63. Re2 Rxe2+ 64. Kxe2 Bc8 65. Ke3 h5 66. gxh5 gxh5 67. Kd4 a5 68. Kxd5 Ke7 69. b7 Bxb7+ 70. Nxb7 a4 71. Nc5 a3 72. Ke5 a2 73. Nb3 f6+ 74. Kd5 Kd7 75. f5 Ke7 76. Ke4 1-0

[Event "FIDE Womens World Cup 2021"]
[Site "Sochi"]
[Date "2021.07.16"]
[Round "2.2"]
[White "Javakhishvili, Lela"]
[Black "Mammadova, Gulnar"]
[Result "1/2-1/2"]
[ECO "E92"]
[WhiteElo "2470"]
[BlackElo "2385"]
[Annotator "ChessBase"]
[PlyCount "115"]
[EventDate "2021.07.12"]
[EventType "k.o."]
[EventCountry "RUS"]
[SourceTitle "playchess.com"]
[Source "ChessBase"]
[SourceQuality "1"]
[TimeControl "40/5400+30:1800+30"]

1. d4 Nf6 2. c4 g6 3. Nc3 Bg7 4. e4 d6 5. Nf3 O-O 6. Be2 e5 7. Be3 Ng4 8. Bg5 f6 9. Bc1 Nc6 10. h3 exd4 11. Nxd4 Nge5 12. Be3 Nxd4 13. Qxd4 Be6 14. b3 f5 15. Qd2 fxe4 16. Rc1 Bd7 17. Qd5+ Kh8 18. Qxe4 b6 19. O-O Bf5 20. Qd5 Qd7 21. f4 Nc6 22. Qd2 Rae8 23. Bf2 a5 24. Bf3 Nb4 25. g4 Be6 26. Nd5 Na6 27. Bg2 Nc5 28. Nc3 h5 29. f5 gxf5 30. gxh5 f4 31. Bd4 Bxd4+ 32. Qxd4+ Qg7 33. Rcd1 Rf6 34. Kh1 Rg8 35. Rg1 f3 36. Bxf3 Rxf3 37. Rxg7 Rxh3+ 38. Kg2 Rxg7+ 39. Kf2 Rh2+ 40. Ke3 Kg8 41. Rf1 Rxh5 42. Qf6 Kh7 43. Kd2 Rh2+ 44. Kc1 Nd3+ 45. Kb1 Rf7 46. Qxf7+ Bxf7 47. Rxf7+ Kg6 48. Rf1 Nb4 49. Nb5 c6 50. Nxd6 Nxa2 51. Rf3 Nb4 52. Nc8 b5 53. cxb5 cxb5 54. Nd6 Rh5 55. Nb7 a4 56. bxa4 bxa4 57. Nd6 Rh2 58. Nc4 1/2-1/2

[Event "FIDE Womens World Cup 2021"]
[Site "Sochi"]
[Date "2021.07.16"]
[Round "2.2"]
[White "Pogonina, Natalija"]
[Black "Kulkarni Bhakti"]
[Result "1-0"]
[ECO "A48"]
[WhiteElo "2469"]
[BlackElo "2391"]
[Annotator "ChessBase"]
[PlyCount "115"]
[EventDate "2021.07.12"]
[EventType "k.o."]
[EventCountry "RUS"]
[SourceTitle "playchess.com"]
[Source "ChessBase"]
[SourceQuality "1"]
[TimeControl "40/5400+30:1800+30"]

1. Nf3 Nf6 2. d4 g6 3. b3 Bg7 4. Bb2 O-O 5. e3 d6 6. Be2 Nbd7 7. O-O e5 8. dxe5 Ng4 9. c4 Ngxe5 10. Nxe5 Nxe5 11. Nc3 Nc6 12. Qd2 Be6 13. Rad1 f5 14. f4 Qf6 15. Bf3 Rfe8 16. Rb1 Kh8 17. Nd5 Qf7 18. b4 Rac8 19. Rfe1 Bxb2 20. Qxb2+ Qg7 21. Qa3 Ra8 22. b5 Nd8 23. b6 Bxd5 24. Bxd5 cxb6 25. Rxb6 axb6 26. Qxa8 b5 27. Qc8 b4 28. Qb8 Qc3 29. Kf2 Qf6 30. Re2 Qh4+ 31. Kg1 Qe7 32. Qa7 Ne6 33. Bxe6 Qxe6 34. Qa4 Rc8 35. Qxb4 Rxc4 36. Qxb7 Rc1+ 37. Kf2 Qf6 38. Qb2 Qxb2 39. Rxb2 Kg7 40. Rb7+ Kf6 41. Rxh7 Rc2+ 42. Kf3 Rxa2 43. h3 Ra1 44. g4 d5 45. g5+ Ke6 46. Rg7 Ra3 47. Rxg6+ Ke7 48. Ke2 Ra2+ 49. Kd3 Ra3+ 50. Kd4 Ra4+ 51. Kxd5 Re4 52. Rf6 Rxe3 53. Rxf5 Rxh3 54. g6 Rg3 55. Rf7+ Ke8 56. f5 Re3 57. Ra7 Kf8 58. f6 1-0

[Event "FIDE Womens World Cup 2021"]
[Site "Sochi"]
[Date "2021.07.16"]
[Round "2.2"]
[White "Mammadzada, Gunay"]
[Black "Unuk, Laura"]
[Result "1-0"]
[ECO "B19"]
[WhiteElo "2460"]
[BlackElo "2407"]
[Annotator "ChessBase"]
[PlyCount "83"]
[EventDate "2021.07.12"]
[EventType "k.o."]
[EventCountry "RUS"]
[SourceTitle "playchess.com"]
[Source "ChessBase"]
[SourceQuality "1"]
[TimeControl "40/5400+30:1800+30"]

1. e4 c6 2. d4 d5 3. Nc3 dxe4 4. Nxe4 Bf5 5. Ng3 Bg6 6. h4 h6 7. Nf3 Nd7 8. Bd3 Bxd3 9. Qxd3 e6 10. Bd2 Ngf6 11. O-O-O Be7 12. Ne4 O-O 13. Kb1 Nxe4 14. Qxe4 Nf6 15. Qe2 Qd5 16. Be3 Qb5 17. c4 Qf5+ 18. Ka1 Ng4 19. Bc1 Rad8 20. h5 Rfe8 21. Nh4 Qxh5 22. f3 Nf6 23. g4 Qa5 24. g5 hxg5 25. Ng6 Nh7 26. Ne5 f6 27. Nxc6 Qf5 28. Nxd8 Rxd8 29. Be3 Nf8 30. Bf2 Bd6 31. d5 b6 32. dxe6 Nxe6 33. Bg3 Be7 34. Rxd8+ Bxd8 35. Re1 Kf7 36. Qd1 Qc5 37. Qd7+ Qe7 38. Qc6 f5 39. Rd1 Qe8 40. Rd7+ Kf6 41. Be5+ Kg6 42. Rxg7+ 1-0